 Dungeon Crawl Stone Soup version 0.31.0-9-g3a7656b989 (webtiles) character file.

Game seed: 2230504700157237893

101 FinalFate the Trooper (level 4, -9/41 HPs)
             Began as a Minotaur Berserker on Jan 25, 2024.
             Was a Believer of Trog.
             Killed by divine providence
             ... invoked by an orc priest
              (12 damage)
             ... on level 3 of the Dungeon.
             The game lasted 00:04:06 (1708 turns).

FinalFate the Trooper (Minotaur Berserker)          Turns: 1708, Time: 00:04:07

Health: -9/41      AC:  5    Str: 24    XL:     4   Next: 48%
Magic:  3/3        EV: 11    Int:  4    God:    Trog [**....]
Gold:   76         SH:  0    Dex:  9    Spells: 3/3 levels left

rFire   . . .        a - +0 mace
rCold   . . .        (no shield)
rNeg    . . .        h - +0 ring mail
rPois   .            (helmet restricted)
rElec   .            (no cloak)
rCorr   .            (no gloves)
SInv    .            (no boots)
Will    .....        (no amulet) Stlth
                     (no ring)
HPRegen 0.26/turn    (no ring)
MPRegen 0.08/turn

%: no passive effects
@: no status effects
A: horns 2, retaliatory headbutt
a: Renounce Religion, Berserk, Trog's Hand


You were on level 3 of the Dungeon.
You worshipped Trog.
Trog was pleased with you.
You visited 1 branch of the dungeon, and saw 3 of its levels.

You collected 76 gold pieces.

Inventory:

Hand Weapons
 a - a +0 mace (weapon)
Armour
 b - a +0 animal skin
 h - a +0 ring mail (worn)
Jewellery
 l - a ring of fire
Scrolls
 c - a scroll of identify {unknown}
 d - a scroll of teleportation {unknown}
 e - 2 scrolls of blinking {unknown}
 f - 4 scrolls of noise {unknown}
 g - a scroll of poison {unknown}
 i - a scroll of amnesia {unknown}
 m - a scroll of vulnerability {unknown}
 n - a scroll of enchant weapon {unknown}


   Skills:
 * Level 4.7 Fighting
 * Level 4.7 Maces & Flails
 * Level 3.2 Armour
 * Level 2.7 Dodging


You had 3 spell levels left.
You didn't know any spells.
Your spell library was empty.

Dungeon Overview and Level Annotations

Branches:
Dungeon (3/15)

Altars:
Ru

Shops:
D:2 (


Innate Abilities, Weirdness & Mutations

You have a pair of horns on your head.
You reflexively headbutt those who attack you in melee.


Message History

The orc hits you but does no damage.
The orc wizard points at you and mumbles some strange words.
You resist with some effort.
It was a potion of cancellation.
You feel magically purged. The endoplasm freezes you.
You are frozen.
* * * LOW HITPOINT WARNING * * *
The orc wizard closely misses you. The orc hits you with a +0 hand axe.
* * * LOW HITPOINT WARNING * * *
It was a potion of heal wounds.
You feel much better.
You hear the brisk rusting of a distant drain.
The endoplasm freezes you.
You are frozen.
The orc wizard barely misses you. The orc barely misses you.
You barely miss the orc wizard. Your headbutt misses the orc wizard.
The orc wizard is moderately wounded.
The endoplasm barely misses you. The orc wizard misses you.
You furiously retaliate!
You headbutt the orc wizard! The orc barely misses you.
A goblin comes into view. It is wielding a +0 club.
The goblin shouts!
You hit the orc wizard.
You kill the orc wizard!
Trog accepts your kill.
Trog appreciates your killing of a magic user.
The endoplasm freezes you.
You are frozen.
The orc priest invokes the aid of Beogh against you.
Beogh smites you!
* * * LOW HITPOINT WARNING * * *
The orc hits you with a +0 hand axe.
* * * LOW HITPOINT WARNING * * *
The endoplasm hits you but does no damage.
The orc hits you with a +0 hand axe.
* * * LOW HITPOINT WARNING * * *
You barely miss the endoplasm. You headbutt the endoplasm.
You kill the endoplasm!
Trog accepts your kill.
The orc priest mumbles some strange prayers to Beogh against you.
Beogh smites you!
You die...

.....### #.......
.......# #........
.......# #.......
..)....##### ....
.###.......# ... .#
#.......# .. .#
#.......# .# .
#...##########o#.#.##
#...# #....@o...g..
.###...#####.####..##.##
.............# ..#
.###...####### ..# #####
..# ..# .## ..


You could see an orc priest, an orc and a goblin.

Vanquished Creatures
  A bombardier beetle (D:3)
  An orc wizard (D:3)
  2 dart slugs (D:1)
  An orc (D:3)
  5 ball pythons
  4 endoplasms
  A giant cockroach (D:3)
  3 goblins (D:1)
  A hobgoblin (D:1)
  4 jackals (D:2)
  2 kobolds
  6 bats
  A frilled lizard (D:1)
  4 rats
36 creatures vanquished.

Notes
Turn   | Place    | Note
-------+----------+-------------------------------------------
     0 | D:1      | FinalFate the Minotaur Berserker began the quest for the
                  | Orb.
     0 | D:1      | Reached XP level 1. HP: 19/19 MP: 0/0
    55 | D:1      | Reached XP level 2. HP: 27/27 MP: 1/1
   887 | D:2      | Reached ** piety under Trog
   888 | D:2      | Reached XP level 3. HP: 34/34 MP: 2/2
   922 | D:2      | Found a faded altar of an unknown god.
  1107 | D:2      | Found Pegeph's Antique Weapon Shoppe.
  1118 | D:2      | Found a sacrificial altar of Ru.
  1503 | D:3      | Reached XP level 4. HP: 11/41 MP: 3/3
  1708 | D:3      | Killed from afar by an orc priest

Illustrated notes

Levels and vault maps discovered:
D:1:      lightli_iron_boxes, layout_basic, minmay_pentomino_z2
D:2:      layout_basic, serial_shops, shop, ebering_ecumenical_altar_ruins,
          basic_altar, chequers_serial_rivers_micro_e
D:3:      layout_basic, kennysheep_orc_sif_temple, chei_slow_surprise,
          mainiacjoe_sewer_entry_somewhere_in_here_2, uniq_robin

Skill      XL: |  1  2  3 |
---------------+----------+-----
Fighting       | 4 |  4.7
Maces & Flails | 4 |  4.7
Armour         | 3 |  3.2
Dodging        | |  2.7

Action                     |  1- 3 |  4- 6 || total
---------------------------+-------+-------++-------
  Melee: Mace              |    69 |     9 ||    78
         Headbutt          |    10 |     1 ||    11
         Punch             |     1 |     1 ||     2
    Use: Potion            |       |     2 ||     2
   Stab: Sleeping          |     1 |       ||     1
 Armour: Animal skin       |    20 |       ||    20
         Ring mail         |    24 |    19 ||    43
  Dodge: Dodged            |    46 |    13 ||    59
